 Dungeon Crawl Stone Soup version 0.23-a0-275-g0cf4261 (webtiles) character file.

989 toffzen the Scholar of Death (level 7, -3/82 HPs)
             Began as a Demonspawn Necromancer on Oct 2, 2018.
             Was a Follower of Kikubaaqudgha.
             Slain by Duvessa
             ... wielding a +1 short sword of holy wrath
              (10 damage)
             ... on level 6 of the Dungeon.
             The game lasted 00:19:02 (6708 turns).

toffzen the Scholar of Death (DsNe)                 Turns: 6708, Time: 00:19:03

Health: -3/82      AC:  8    Str: 13    XL:     7   Next: 98%
Magic:  6/13       EV: 12    Int: 21    God:    Kikubaaqudgha [*.....]
Gold:   361        SH:  0    Dex: 14    Spells: 1/15 levels left

rFire    + . .     SeeInvis .   B - +0 dagger (drain)
rCold    x . .     Gourm    .   (no shield)
rNeg     . . .     Faith    .   a - +1 robe
rPois    .         Spirit   .   (no helmet)
rElec    .         Reflect  .   C - +2 cloak
rCorr    .         Harm     .   (no gloves)
MR       .....                  (no boots)
Stlth    ..........             (no amulet)
HPRegen  1.23/turn              o - ring of fire
MPRegen  0.13/turn              i - +3 ring of intelligence

@: berserking, regenerating (expiring), glowing, very quick
A: claws 1, molten scales 1, demonic guardian 1
a: Receive Corpses, Renounce Religion


You were on level 6 of the Dungeon.
You worshipped Kikubaaqudgha.
Kikubaaqudgha was aware of your devotion.
You were hungry.

You visited 1 branch of the dungeon, and saw 6 of its levels.

You collected 361 gold pieces.

Inventory:

Hand Weapons
 d - a +0 dagger
 p - a +0 hunting sling
 r - a +0 falchion
 t - a +0 rapier
 B - a +0 dagger of draining (weapon)
Missiles
 b - 108 stones (quivered)
 f - a throwing net
 w - 42 sling bullets
 z - 7 tomahawks
 A - 31 poisoned needles
 D - 7 javelins
Armour
 a - a +1 robe (worn)
 n - a +0 leather armour
 C - a +2 cloak (worn)
Jewellery
 i - a +3 ring of intelligence (right claw)
 l - an uncursed ring of resist corrosion
 o - a ring of fire (left claw)
 s - an uncursed ring of protection from cold
 G - an uncursed ring of protection from cold
Scrolls
 h - a scroll of noise {unknown}
 j - a scroll of immolation {unknown}
 u - 2 scrolls of enchant weapon {unknown}
 y - 2 scrolls of magic mapping {unknown}
 E - a scroll of enchant armour
 F - a scroll of fog {unknown}
 H - a scroll of random uselessness {unknown}
Potions
 e - 3 potions of degeneration
 g - a potion of invisibility
 k - a potion of agility
 m - a potion of cancellation
 q - 2 potions of berserk rage
 v - a potion of curing
 x - 2 potions of resistance
 I - a potion of mutation {unknown}
Comestibles
 c - 4 rations


   Skills:
 + Level 4.3 Fighting
 - Level 1.7 Dodging
 - Level 1.7 Stealth
 + Level 4.5 Spellcasting
 * Level 8.4 Necromancy


You had one spell level left.
You knew the following spells:

 Your Spells              Type           Power        Failure   Level  Hunger
a - Pain                  Necr           ####         1%          1    None
b - Animate Skeleton      Necr           N/A          1%          1    None
c - Animate Dead          Necr           N/A          3%          4    ####...
d - Vampiric Draining     Necr           #####.....   1%          3    ##.....
e - Corpse Rot            Necr           N/A          1%          2    #......
f - Regeneration          Chrm/Necr      ###.......   6%          3    ##.....

Your spell library contained the following spells:

 Spells                   Type           Power        Failure   Level  Hunger
 Sublimation of Blood     Necr           #####.....   1%          2    #......


Dungeon Overview and Level Annotations

Branches:
Dungeon (6/15)
 Temple: D:4-7

Altars:
Cheibriados
Dithmenos
Gozag
Hepliaklqana
Kikubaaqudgha
Makhleb
Nemelex Xobeh
Trog
Vehumet
Wu Jian

Annotations:
D:3 3 runed doors, Amnesiac's ghost, weakling OgEE
D:5 3 runed doors, exclusion: 3 doors, HerrDoktor's ghost, novice HaHu
D:6 Duvessa


Innate Abilities, Weirdness & Mutations

You have sharp fingernails.
You are partially covered in molten scales. (AC +2)
A weak demonic guardian rushes to your aid.


Message History

A red film seems to cover your vision as you go berserk!
You feel yourself moving faster!
You feel mighty!
Your skin is crawling a little less now.
Duvessa hits you with a short sword of holy wrath.
* * * LOW HITPOINT WARNING * * *
You convulse.
* * * LOW HITPOINT WARNING * * *
The crimson imp closely misses your quasit.
Your quasit bites Duvessa but does no damage.
Your quasit closely misses Duvessa.
Your quasit claws Duvessa but does no damage.
Duvessa hits your quasit but does no damage.
You closely miss Duvessa.
Your quasit barely misses Duvessa. x2
Your quasit claws Duvessa but does no damage.
The crimson imp misses your quasit.
Duvessa hits you with a short sword of holy wrath!
* * * LOW HITPOINT WARNING * * *
You convulse!
You die...
Kikubaaqudgha rasps: "You have failed me!
Welcome... death!"

.....#....# #...#........##
.>..#....#.#...##.......##
#.......#.#.........#'###
+.......#.##........#..##
###.......#.##........##.##
#...........##............#
...........................
....####.5........#........
#... ####5e@.......###......
... #..)5##.........#....#.
.....#....##.......<.#......
.....................#......
........#............#......
........#............+......
......!.#............#......
....#####............##.....
.... .#...... #...##


You could see Duvessa (berserk), a crimson imp, a friendly quasit and a friendly
white imp.

Vanquished Creatures
  A sky beast (D:5)
  2 ogres (D:4)
  2 howler monkeys (D:4)
  A hound (D:6)
  4 orc wizards
  An orc priest (D:5)
  3 iguanas
  2 worker ants
  7 adders
  A shadow imp (D:5)
  A worm (D:4)
  3 dart slugs
  6 leopard geckos
  11 orcs
  2 bats
  11 giant cockroaches
  4 goblins
  5 hobgoblins
  5 jackals
  10 kobolds
  3 quokkas
  3 frilled lizards
  7 rats
95 creatures vanquished.

Vanquished Creatures (collateral kills)
  Eustachio (D:5)
  An ogre (D:4)
  Dowan (D:6)
  An orc wizard (D:5)
  A howler monkey skeleton (D:4)
  A worm (D:2)
  A dart slug (D:4)
  4 orcs
  A goblin (D:2)
12 creatures vanquished.

Grand Total: 107 creatures vanquished

Notes
Turn   | Place    | Note
-------+----------+-------------------------------------------
     0 | D:1      | toffzen the Demonspawn Necromancer began the quest for the
                  | Orb.
     0 | D:1      | Reached XP level 1. HP: 13/13 MP: 3/3
    28 | D:1      | Learned a level 1 spell: Animate Skeleton
   699 | D:1      | Gained mutation: A weak demonic guardian rushes to your
                  | aid. [demonic ancestry]
   699 | D:1      | Reached XP level 2. HP: 20/20 MP: 3/5
   910 | D:1      | Reached skill level 1 in Fighting
  1417 | D:2      | Reached skill level 5 in Necromancy
  1417 | D:2      | Reached XP level 3. HP: 23/26 MP: 1/6
  2049 | D:2      | Gained mutation: You are partially covered in molten
                  | scales. (AC +2) [demonic ancestry]
  2049 | D:2      | Reached XP level 4. HP: 31/32 MP: 4/7
  2192 | D:2      | Learned a level 4 spell: Animate Dead
  2257 | D:2      | Found a bloodstained altar of Trog.
  2632 | D:3      | Reached XP level 5. HP: 37/38 MP: 6/9
  2659 | D:3      | Reached skill level 6 in Necromancy
  2994 | D:3      | Found a hazy altar of Hepliaklqana.
  3046 | D:3      | Found a burning altar of Makhleb.
  3046 | D:3      | Found a radiant altar of Vehumet.
  3351 | D:3      | Found a runed gate.
  3351 | D:3      | Found a runed gate.
  3351 | D:3      | Found a runed gate.
  3351 | D:3      | Noticed Amnesiac's ghost (weakling OgEE)
  3400 | D:3      | Found a sparkling altar of Nemelex Xobeh.
  3401 | D:3      | Found an opulent altar of Gozag.
  3595 | D:4      | Found an ancient bone altar of Kikubaaqudgha.
  3603 | D:4      | Became a worshipper of Kikubaaqudgha
  3816 | D:4      | Found an opulent altar of Gozag.
  3825 | D:4      | Noticed an ogre
  3833 | D:4      | Learned a level 3 spell: Vampiric Draining
  3881 | D:4      | Noticed an ogre
  3894 | D:5      | Entered Level 5 of the Dungeon
  3997 | D:4      | Gained mutation: You have sharp fingernails. [demonic
                  | ancestry]
  3997 | D:4      | Reached XP level 6. HP: 44/46 MP: 6/10
  4353 | D:4      | Found an ornate altar of the Wu Jian Council.
  4445 | D:4      | Reached skill level 7 in Necromancy
  4830 | D:5      | Reached * piety under Kikubaaqudgha
  4830 | D:5      | Identified Kikubaaqudgha's Compendium of Sinister Arts
                  | (Kikubaaqudgha gifted it to you on level 5 of the Dungeon)
  4830 | D:5      | Received a gift from Kikubaaqudgha
  4840 | D:5      | Reached XP level 7. HP: 39/52 MP: 0/12
  4978 | D:5      | Learned a level 2 spell: Corpse Rot
  5088 | D:5      | Found a shadowy altar of Dithmenos.
  5243 | D:5      | Found a runed gate.
  5243 | D:5      | Found a runed gate.
  5244 | D:5      | Found a runed gate.
  5244 | D:5      | Noticed HerrDoktor's ghost (novice HaHu)
  5585 | D:5      | Noticed Eustachio
  5591 | D:5      | Learned a level 3 spell: Regeneration
  5598 | D:5      | Killed Eustachio
  5939 | D:4      | Reached skill level 8 in Necromancy
  6571 | D:6      | Found a snail-covered altar of Cheibriados.
  6690 | D:6      | Noticed Dowan
  6694 | D:6      | Noticed Duvessa
  6705 | D:6      | Killed Dowan
  6708 | D:6      | Slain by Duvessa

Vault maps used:
D:1:      dpeg_arrival_short_road, minmay_strange_pillars
D:2:      lightli_temple_of_fire
D:3:      grunt_temple_overflow_opulence,
          grunt_temple_overflow_lords_of_destruction,
          nicolae_overflow_crystal_walls, ebering_ghost_rock_garden,
          first_ration
D:4:      minmay_wonky_spiral, kennysheep_mini, kiku_gazebo_pond_becter,
          grunt_gozag_statues
D:5:      nicolae_dithmenos_shadow_blocks, gammafunk_ghost_nasty_kobolds,
          serial_glass, glass_columns_b, glass_columns_a, glass_columns_c,
          glass_columns_a, glass_columns_a, glass_columns_a, glass_columns_a,
          glass_columns_b, uniq_eustachio
D:6:      marbit_many_paths, kennysheep_slug_shrine, kennysheep_small_square,
          uniq_blork_the_orc, uniq_duvessa

Skill      XL: |  1  2  3  4  5  6  7 |
---------------+----------------------+-----
Fighting       | 1 2 3 4 |  4.3
Necromancy     | 5 6 7 8 |  8.4
Spellcasting   | 3 4 |  4.5
Dodging        | |  1.7
Stealth        | |  1.7

Action                   |  1- 3 |  4- 6 |  7- 9 || total
-------------------------+-------+-------+-------++-------
Melee: Dagger            |    17 |       |    29 ||    46
       Falchion          |     1 |    28 |       ||    29
 Cast: Pain              |    68 |   102 |    47 ||   217
       Animate Skeleton  |    14 |     8 |       ||    22
       Animate Dead      |       |     5 |    12 ||    17
       Vampiric Draining |       |       |     2 ||     2
       Regeneration      |       |       |     1 ||     1
  Use: Scroll            |     2 |     5 |     6 ||    13
       Potion            |     1 |     1 |     1 ||     3
  Eat: Chunk             |     4 |     6 |     1 ||    11
       Ration            |       |     1 |     2 ||     3
Armor: Robe              |    14 |    24 |    10 ||    48
Dodge: Dodged            |    36 |    36 |    14 ||    86
       Rpst.: Falchion   |       |     8 |       ||     8

Table legend:
 A = Non-vault XP
 B = Vault XP
 C = Vault XP percentage of total XP
 D = Non-vault monster count
 E = Vault monster count
 F = Vault count percentage of total count
                 A         B        C        D         E       F
            +---------+---------+-------+---------+---------+-------
      Total |    1161 |     252 |  17.8 |     103 |       4 |   3.7
            +---------+---------+-------+---------+---------+-------
        D:1 |      36 |       0 |   0.0 |      19 |       0 |   0.0
        D:2 |      92 |       0 |   0.0 |      26 |       0 |   0.0
        D:3 |     135 |       0 |   0.0 |      18 |       0 |   0.0
        D:4 |     578 |       3 |   0.5 |      26 |       1 |   3.7
        D:5 |     277 |     187 |  40.3 |      13 |       1 |   7.1
        D:6 |      43 |      62 |  59.0 |       1 |       2 |  66.7
            +---------+---------+-------+---------+---------+-------
